 Dungeon Crawl Stone Soup version 0.24-a0-139-geb6712d (webtiles) character file.

Game seed: 12247636187196864777

9 emperorscorpion the Skirmisher (level 2, 0/16 HPs)
             Began as a Vine Stalker Berserker on Mar 1, 2019.
             Was a Follower of Trog.
             Slain by a frilled lizard (2 damage)
             ... on level 1 of the Dungeon.
             The game lasted 00:00:41 (131 turns).

emperorscorpion the Skirmisher (VSBe)                Turns: 131, Time: 00:00:41

Health: 0/16       AC:  2    Str: 19    XL:     2   Next: 12%
Magic:  0/3        EV: 12    Int:  7    God:    Trog [*.....]
Gold:   24         SH:  0    Dex: 13    Spells: 1/1 levels left

rFire    . . .     SeeInvis .   a - +0 hand axe
rCold    . . .     Gourm    .   (no shield)
rNeg     . . .     Faith    .   b - +0 animal skin
rPois    .         Spirit   +   (no helmet)
rElec    .         Reflect  .   (no cloak)
rCorr    .         Harm     .   (no gloves)
MR       .....                  (no boots)
Stlth    +.........             (no amulet)
HPRegen  0.05/turn              (no ring)
MPRegen  0.08/turn              (no ring)

@: no status effects
A: fangs 2, magic shield, antimagic bite, no potion heal 3, rot immunity
a: Berserk, Renounce Religion


You were on level 1 of the Dungeon.
You worshipped Trog.
Trog was aware of your devotion.
You were not hungry.

You visited 1 branch of the dungeon, and saw 1 of its levels.

You collected 24 gold pieces.

Inventory:

Hand Weapons
 a - a +0 hand axe (weapon)
Armour
 b - a +0 animal skin (worn)
Scrolls
 d - a scroll of immolation {unknown}
 f - 2 scrolls of identify {unknown}
Potions
 e - a potion of experience {unknown}
Comestibles
 c - a ration
 g - 2 chunks of flesh


   Skills:
 + Level 3.0 Fighting
 + Level 2.7 Axes
 + Level 1.8 Armour
 + Level 1.7 Dodging


You had one spell level left.
You didn't know any spells.
Your spell library was empty.

Dungeon Overview and Level Annotations

Branches:
Dungeon (1/15)

Altars:


Innate Abilities, Weirdness & Mutations

You have extremely sharp teeth.
When hurt, damage is shared between your health and your magic reserves.
Your bite disrupts and absorbs the magic of your enemies.
Potions cannot restore your health.
You are immune to rotting.


Message History

You kill the giant cockroach!
Trog accepts your kill.
Your Fighting skill increases to level 3!
You see here a giant cockroach corpse.
You barely miss the frilled lizard. The frilled lizard misses you.
You closely miss the frilled lizard. Your bite misses the frilled lizard.
The frilled lizard barely misses you. The frilled lizard bites you.
* * * LOW HITPOINT WARNING * * *
You barely miss the frilled lizard. Your bite misses the frilled lizard.
The frilled lizard bites you.
* * * LOW HITPOINT WARNING * * *
You closely miss the frilled lizard. Your bite misses the frilled lizard.
The frilled lizard closely misses you.
You hit the frilled lizard. Your bite misses the frilled lizard.
The frilled lizard is severely wounded.
The frilled lizard bites you.
You barely miss the frilled lizard. Your bite misses the frilled lizard.
The frilled lizard is severely wounded.
The frilled lizard bites you.
You die...

.. #.#.
$.. #.#
#####.###
#..$....##
#........#
##
#@l##.#..#
#.
#........#
.
#..###...#
#..# #...#
##.###...#
#
#.....###
#. ####.##
#. #.# ##
###.####
###


You could see a frilled lizard.

Vanquished Creatures
  2 giant cockroaches (D:1)
  3 jackals (D:1)
  A kobold (D:1)
  A frilled lizard (D:1)
7 creatures vanquished.

Notes
Turn   | Place    | Note
-------+----------+-------------------------------------------
     0 | D:1      | emperorscorpion the Vine Stalker Berserker began the quest
                  | for the Orb.
     0 | D:1      | Reached XP level 1. HP: 11/11 MP: 2/2
    93 | D:1      | Reached XP level 2. HP: 2/16 MP: 3/3
   124 | D:1      | Reached skill level 3 in Fighting
   131 | D:1      | Slain by a frilled lizard

Levels and vault maps discovered:
D:1:      sevenhm_arrival_forest_fort_small_4, layout_loops_cross

Skill      XL: |  1  2 |
---------------+-------+-----
Fighting       | 3 |  3.0
Axes           | |  2.7
Armour         | |  1.8
Dodging        | |  1.7

Action                   || total
-------------------------++-------
Melee: Hand axe          ||    36
       Bite              ||    11
  Use: Scroll            ||     1
 Stab: Sleeping          ||     2
Armor: Animal skin       ||     6
Dodge: Dodged            ||    25

Table legend:
 A = Non-vault XP
 B = Vault XP
 C = Vault XP percentage of total XP
 D = Non-vault monster count
 E = Vault monster count
 F = Vault count percentage of total count
                 A         B        C        D         E       F
            +---------+---------+-------+---------+---------+-------
      Total |      13 |       0 |   0.0 |       7 |       0 |   0.0
            +---------+---------+-------+---------+---------+-------
        D:1 |      13 |       0 |   0.0 |       7 |       0 |   0.0
            +---------+---------+-------+---------+---------+-------
